TOP OF THE 1ST |
Kansas City Kings batting - Pitching for Austin River Sharks : RHP Bartolo Romo
|
Pitching: RHP Bartolo Romo
|
|
Batting: RHB Chris Chandler
|
0-0: Ball 1-0: Called Strike 1-1: Ball 2-1: Called Strike 2-2: Strikes out swinging
|
Batting: RHB Toshimichi Kono
|
0-0: Ground out 5-3 (Groundball, 5L)
|
Batting: LHB Ethan Marshall
|
0-0: Ball 1-0: Ground out 6-3 (Groundball, 6M)
|
Top of the 1st over - 0 run(s), 0 hit(s), 0 error(s), 0 left on base; Kansas City 0 - Austin 0 |
BOTTOM OF THE 1ST |
Austin River Sharks batting - Pitching for Kansas City Kings : RHP Cristóbal Gómez
|
Pitching: RHP Cristóbal Gómez
|
|
Batting: LHB Bruno Lalonde
|
0-0: Ball 1-0: Ball 2-0: Ball 3-0: Called Strike 3-1: Called Strike 3-2: Base on Balls
|
Batting: RHB Kenneth Roberts
|
0-0: Ball 1-0: SINGLE (Groundball, 56) Bruno Lalonde to second
|
Batting: SHB Juan Castro
|
0-0: Ball 1-0: Ball 2-0: Called Strike 2-1: Called Strike 2-2: Foul Ball, location: 2F 2-2: Strikes out looking
|
Batting: LHB Pedro Zaragoza
|
0-0: Ball 1-0: Foul Ball, location: 2F 1-1: Ball 2-1: Called Strike 2-2: Ball 3-2: Base on Balls Bruno Lalonde to third Kenneth Roberts to second
|
Batting: LHB Miguel Colón
|
0-0: Ball 1-0: Foul Ball, location: 2F 1-1: Foul Ball, location: 2F 1-2: Strikes out swinging
|
Batting: RHB Tyler Wagner
|
0-0: Fly out, F4 (Popup, 4S)
|
Bottom of the 1st over - 0 run(s), 1 hit(s), 0 error(s), 3 left on base; Kansas City 0 - Austin 0 |
TOP OF THE 2ND |
Kansas City Kings batting - Pitching for Austin River Sharks : RHP Bartolo Romo
|
Batting: LHB Pablo Reyes
|
0-0: Called Strike 0-1: Swinging Strike 0-2: SOLO HOME RUN (Flyball, 89XD), Distance : 476 ft
|
Batting: SHB Víctor Serrano
|
0-0: Called Strike 0-1: Called Strike 0-2: Foul Ball, location: 2F 0-2: Fly out, F8 (Flyball, 8LD)
|
Batting: RHB Dave Parker
|
0-0: Ground out 4-3 (Groundball, 4M)
|
Batting: LHB Brian Boone
|
0-0: Called Strike 0-1: Swinging Strike 0-2: Strikes out looking
|
Top of the 2nd over - 1 run(s), 1 hit(s), 0 error(s), 0 left on base; Kansas City 1 - Austin 0 |
BOTTOM OF THE 2ND |
Austin River Sharks batting - Pitching for Kansas City Kings : RHP Cristóbal Gómez
|
Batting: RHB Carlos Guzmán
|
0-0: Foul Ball, location: 2F 0-1: Foul Ball, location: 2F 0-2: Ground out 3-1 (Groundball, 3L)
|
Batting: RHB Carlos Pérez
|
0-0: Called Strike 0-1: Ground out 5-3 (Groundball, 5)
|
Batting: RHB Orlando Bruno
|
0-0: Called Strike 0-1: Swinging Strike 0-2: Strikes out swinging
|
Bottom of the 2nd over - 0 run(s), 0 hit(s), 0 error(s), 0 left on base; Kansas City 1 - Austin 0 |
TOP OF THE 3RD |
Kansas City Kings batting - Pitching for Austin River Sharks : RHP Bartolo Romo
|
Batting: RHB Adrian Prouse
|
0-0: Ground out 6-3 (Groundball, 6M)
|
Batting: RHB Mario Franco
|
0-0: Called Strike 0-1: Called Strike 0-2: Ball 1-2: Foul Ball, location: 2F 1-2: Foul Ball, location: 2F 1-2: Ball 2-2: Strikes out swinging
|
Batting: RHB Chris Chandler
|
0-0: Called Strike 0-1: Ball 1-1: Called Strike 1-2: Ground out 5-3 (Groundball, 5)
|
Top of the 3rd over - 0 run(s), 0 hit(s), 0 error(s), 0 left on base; Kansas City 1 - Austin 0 |
BOTTOM OF THE 3RD |
Austin River Sharks batting - Pitching for Kansas City Kings : RHP Cristóbal Gómez
|
Batting: LHB Bruno Lalonde
|
0-0: Foul Ball, location: 2F 0-1: Foul Ball, location: 2F 0-2: Ball 1-2: Strikes out looking
|
Batting: RHB Kenneth Roberts
|
0-0: Ball 1-0: Called Strike 1-1: Foul Ball, location: 2F 1-2: Ball 2-2: Ball 3-2: Strikes out swinging
|
Batting: SHB Juan Castro
|
0-0: Ground out 6-3 (Groundball, 6)
|
Bottom of the 3rd over - 0 run(s), 0 hit(s), 0 error(s), 0 left on base; Kansas City 1 - Austin 0 |
TOP OF THE 4TH |
Kansas City Kings batting - Pitching for Austin River Sharks : RHP Bartolo Romo
|
Batting: RHB Toshimichi Kono
|
0-0: Ball 1-0: Ball 2-0: Foul Ball, location: 2F 2-1: Ground out 5-3 (Groundball, 5S)
|
Batting: LHB Ethan Marshall
|
0-0: Called Strike 0-1: Ball 1-1: Swinging Strike 1-2: Fly out, F8 (Flyball, 8LS)
|
Batting: LHB Pablo Reyes
|
0-0: Ball 1-0: Ball 2-0: Ball 3-0: Base on Balls
|
Batting: SHB Víctor Serrano
|
0-0: Swinging Strike 0-1: Called Strike 0-2: Ball 1-2: Foul Ball, location: 2F 1-2: Ball 2-2: Foul Ball, location: 2F 2-2: Ground out 2-3 (Groundball, 2R)
|
Top of the 4th over - 0 run(s), 0 hit(s), 0 error(s), 1 left on base; Kansas City 1 - Austin 0 |
BOTTOM OF THE 4TH |
Austin River Sharks batting - Pitching for Kansas City Kings : RHP Cristóbal Gómez
|
Batting: LHB Pedro Zaragoza
|
0-0: Fly out, F8 (Line Drive, 8LM)
|
Batting: LHB Miguel Colón
|
0-0: Ball 1-0: Ball 2-0: Called Strike 2-1: SINGLE (Groundball, 4MD)
|
Batting: RHB Tyler Wagner
|
0-0: Ball Miguel Colón steals 2nd base 1-0: Called Strike 1-1: Ball 2-1: Ground out 6-3 (Groundball, 6M) Miguel Colón to third
|
Batting: RHB Carlos Guzmán
|
0-0: Fly out, F9 (Flyball, 89D)
|
Bottom of the 4th over - 0 run(s), 1 hit(s), 0 error(s), 1 left on base; Kansas City 1 - Austin 0 |
TOP OF THE 5TH |
Kansas City Kings batting - Pitching for Austin River Sharks : RHP Bartolo Romo
|
Batting: RHB Dave Parker
|
0-0: Ball 1-0: Ball 2-0: Called Strike 2-1: SINGLE (Flyball, 7S)
|
Batting: LHB Brian Boone
|
0-0: Foul Ball, location: 2F 0-1: Foul Ball, location: 2F 0-2: Ball 1-2: Fielders Choice at 2nd, U6 (Groundball, 6M)
|
Batting: RHB Adrian Prouse
|
0-0: Called Strike 0-1: Ball 1-1: Ground out 3-1 (Groundball, 34) Brian Boone to second
|
Batting: RHB Mario Franco
|
0-0: Ball 1-0: SINGLE (Flyball, 4D) Brian Boone to third Runner from 3rd tries for Home, SAFE, no throw or cutoff
|
Batting: RHB Chris Chandler
|
0-0: Called Strike 0-1: Called Strike 0-2: Ball 1-2: Foul Ball, location: 2F 1-2: Foul Ball, location: 2F 1-2: Ball 2-2: Foul Ball, location: 2F 2-2: Foul Ball, location: 2F 2-2: SINGLE (Groundball, 6MD) Mario Franco to second
|
Batting: RHB Toshimichi Kono
|
0-0: Called Strike 0-1: Ball 1-1: Called Strike 1-2: Foul Ball, location: 2F 1-2: SINGLE (Groundball, 5D) Mario Franco to third Chris Chandler to second Runner from 3rd tries for Home, SAFE, no throw or cutoff
|
Batting: LHB Ethan Marshall
|
0-0: Ball 1-0: Foul Ball, location: 2F 1-1: Foul Ball, location: 2F 1-2: Ball 2-2: Foul Ball, location: 2F 2-2: Ball 3-2: Foul Ball, location: 2F 3-2: Base on Balls Chris Chandler to third Toshimichi Kono to second
|
Batting: LHB Pablo Reyes
|
0-0: Ball 1-0: Foul Ball, location: 2F 1-1: Ground out 5-3 (Groundball, 5S)
|
Top of the 5th over - 2 run(s), 4 hit(s), 0 error(s), 3 left on base; Kansas City 3 - Austin 0 |
BOTTOM OF THE 5TH |
Austin River Sharks batting - Pitching for Kansas City Kings : RHP Cristóbal Gómez
|
Batting: RHB Carlos Pérez
|
0-0: SINGLE (Line Drive, 8LS)
|
Batting: RHB Orlando Bruno
|
0-0: Ball 1-0: Fly out, F6 (Line Drive, 6) 1-0: Fly out, F6 (Line Drive, 6)
|
Batting: LHB Bruno Lalonde
|
0-0: Called Strike 0-1: Ball 1-1: Ball 2-1: Fielders Choice at 2nd, 6-4 (Groundball, 6M)
|
Batting: RHB Kenneth Roberts
|
0-0: Called Strike 0-1: Called Strike Bruno Lalonde steals 2nd base 0-2: Ground out 6-3 (Groundball, 6)
|
Bottom of the 5th over - 0 run(s), 1 hit(s), 0 error(s), 1 left on base; Kansas City 3 - Austin 0 |
TOP OF THE 6TH |
Kansas City Kings batting - Pitching for Austin River Sharks : RHP Bartolo Romo
|
Batting: SHB Víctor Serrano
|
0-0: Foul Ball, location: 2F 0-1: Fly out, F7 (Flyball, 7LM)
|
Batting: RHB Dave Parker
|
0-0: Ball 1-0: Ball 2-0: Swinging Strike 2-1: Ball 3-1: Called Strike 3-2: SOLO HOME RUN (Flyball, 89D), Distance : 380 ft
|
Batting: LHB Brian Boone
|
0-0: Called Strike 0-1: Ball 1-1: Ball 2-1: Ground out 6-3 (Groundball, 6)
|
Batting: RHB Adrian Prouse
|
0-0: Called Strike 0-1: Ball 1-1: SINGLE (Line Drive, 56)
|
Pitching: RHP Lorenzo Vargas
|
|
Batting: RHB Mario Franco
|
0-0: Ball Wild Pitch! Adrian Prouse to second 1-0: SINGLE (Flyball, 89S) Adrian Prouse to third Runner from 3rd tries for Home, SAFE, no throw or cutoff
|
Batting: RHB Chris Chandler
|
0-0: Called Strike Mario Franco is caught stealing 2nd base
|
Top of the 6th over - 2 run(s), 3 hit(s), 0 error(s), 0 left on base; Kansas City 5 - Austin 0 |
BOTTOM OF THE 6TH |
Austin River Sharks batting - Pitching for Kansas City Kings : RHP Cristóbal Gómez
|
Batting: SHB Juan Castro
|
0-0: Foul Ball, location: 2F 0-1: Ball 1-1: Ball 2-1: SINGLE (Groundball, 34D)
|
Batting: LHB Pedro Zaragoza
|
0-0: Called Strike 0-1: Ball 1-1: Foul Ball, location: 2F 1-2: Foul Ball, location: 2F 1-2: Ground out 4-3 (Groundball, 4M) Juan Castro to second
|
Batting: LHB Miguel Colón
|
0-0: Ball 1-0: Ball 2-0: Ball 3-0: Base on Balls
|
Batting: RHB Tyler Wagner
|
0-0: Grounds into double play, U6-3 (Groundball, 6M)
|
Bottom of the 6th over - 0 run(s), 1 hit(s), 0 error(s), 1 left on base; Kansas City 5 - Austin 0 |
TOP OF THE 7TH |
Kansas City Kings batting - Pitching for Austin River Sharks : RHP Lorenzo Vargas
|
Batting: RHB Chris Chandler
|
0-0: Called Strike 0-1: Hit by Pitch
|
Batting: RHB Toshimichi Kono
|
0-0: Fly out, F7 (Flyball, 78M)
|
Batting: LHB Ethan Marshall
|
0-0: Called Strike 0-1: Fielders Choice at 2nd, 6-4 (Groundball, 6M)
|
Batting: LHB Pablo Reyes
|
0-0: Ball Wild Pitch! Ethan Marshall to second 1-0: Ball 2-0: Swinging Strike 2-1: Ball 3-1: Called Strike 3-2: Strikes out looking
|
Top of the 7th over - 0 run(s), 0 hit(s), 0 error(s), 1 left on base; Kansas City 5 - Austin 0 |
BOTTOM OF THE 7TH |
Austin River Sharks batting - Pitching for Kansas City Kings : RHP Cristóbal Gómez
|
Batting: RHB Carlos Guzmán
|
0-0: Ground out 6-3 (Groundball, 6M)
|
Batting: RHB Carlos Pérez
|
0-0: Called Strike 0-1: Fly out, F9 (Flyball, 9M)
|
Batting: RHB Orlando Bruno
|
0-0: Ball 1-0: Called Strike 1-1: SINGLE (Line Drive, 34)
|
Batting: LHB Bruno Lalonde
|
0-0: Ground out 6-3 (Groundball, 6)
|
Bottom of the 7th over - 0 run(s), 1 hit(s), 0 error(s), 1 left on base; Kansas City 5 - Austin 0 |
TOP OF THE 8TH |
Kansas City Kings batting - Pitching for Austin River Sharks : RHP Lorenzo Vargas
|
Batting: SHB Víctor Serrano
|
0-0: SINGLE (Flyball, 89S)
|
Batting: RHB Dave Parker
|
0-0: Bunted foul 0-1: Bunted foul
|
|
|
|
0-2: Ball 1-2: Fly out, F7 (Flyball, 78S)
|
Batting: LHB Brian Boone
|
0-0: Called Strike 0-1: Foul Ball, location: 2F 0-2: Ball 1-2: Strikes out swinging
|
Pitching: RHP Juan González
|
|
Batting: RHB Adrian Prouse
|
0-0: Called Strike 0-1: Ball 1-1: Ball 2-1: Foul Ball, location: 2F 2-2: Strikes out swinging
|
Top of the 8th over - 0 run(s), 1 hit(s), 0 error(s), 1 left on base; Kansas City 5 - Austin 0 |
BOTTOM OF THE 8TH |
Austin River Sharks batting - Pitching for Kansas City Kings : RHP Cristóbal Gómez
|
Pitching: RHP Cipriano Montáñez
|
|
Batting: RHB Kenneth Roberts
|
0-0: Ball 1-0: Called Strike 1-1: Ground out 5-3 (Groundball, 5L)
|
Batting: SHB Juan Castro
|
0-0: DOUBLE (Line Drive, 9D)
|
Batting: LHB Pedro Zaragoza
|
0-0: SINGLE (Groundball, 3L) Juan Castro to third Runner from 3rd tries for Home, SAFE, throw made home
|
Batting: LHB Miguel Colón
|
0-0: Called Strike 0-1: Swinging Strike 0-2: Strikes out swinging
|
Batting: RHB Tyler Wagner
|
0-0: Ground out 1-3 (Groundball, 13S)
|
Bottom of the 8th over - 1 run(s), 2 hit(s), 0 error(s), 1 left on base; Kansas City 5 - Austin 1 |
TOP OF THE 9TH |
Kansas City Kings batting - Pitching for Austin River Sharks : RHP Juan González
|
Batting: RHB Mario Franco
|
0-0: SINGLE (Line Drive, 9LM)
|
Batting: RHB Chris Chandler
|
0-0: Ball 1-0: Sac Bunt - play at first, batter OUT! 3-4 Mario Franco to second
|
Batting: RHB Toshimichi Kono
|
0-0: Intentional Walk
|
Batting: LHB Ethan Marshall
|
0-0: Ball 1-0: Ball 2-0: Ball 3-0: Base on Balls Mario Franco to third Toshimichi Kono to second
|
Batting: LHB Pablo Reyes
|
0-0: Ball 1-0: Called Strike 1-1: SINGLE (Groundball, 6M) Mario Franco scores Toshimichi Kono to third Ethan Marshall to second Runner from 3rd tries for Home, SAFE, throw made home Ethan Marshall to third Pablo Reyes to second
|
Batting: SHB Víctor Serrano
|
0-0: Called Strike 0-1: Ball 1-1: Called Strike 1-2: Strikes out swinging
|
Batting: RHB Dave Parker
|
0-0: Called Strike 0-1: Fly out, F3 (Popup, 3F)
|
Top of the 9th over - 2 run(s), 2 hit(s), 0 error(s), 2 left on base; Kansas City 7 - Austin 1 |
BOTTOM OF THE 9TH |
Austin River Sharks batting - Pitching for Kansas City Kings : RHP Cipriano Montáñez
|
Batting: RHB Carlos Guzmán
|
0-0: Called Strike 0-1: Ball 1-1: Ball 2-1: Ball 3-1: Foul Ball, location: 2F 3-2: Ground out 1-3 (Groundball, 15S)
|
Batting: RHB Carlos Pérez
|
0-0: Ball 1-0: Ball 2-0: Ball 3-0: Base on Balls
|
Batting: RHB Orlando Bruno
|
0-0: Grounds into double play, 5-4-3 (Groundball, 56)
|
Bottom of the 9th over - 0 run(s), 0 hit(s), 0 error(s), 0 left on base; Kansas City 7 - Austin 1 |
|
Monday, December 5th, 2016 - OOTP Baseball 17.12 Build 75
|
|